[Event "Early-Titled-Tuesday-Blitz-September-26-2023"]
[Site "Chess.com"]
[Date "2023.09.26"]
[Round "5"]
[White "BlitzWizard04"]
[Black "Predator0608"]
[Result "1-0"]
[WhiteElo "2631"]
[BlackElo "2447"]
[TimeControl "180+1"]
[EndTime "8:57:29 PDT"]
[Termination "BlitzWizard04 won by resignation"]

1. e4 c5 2. Nf3 d6 3. d4 cxd4 4. Nxd4 Nf6 5. Nc3 a6 6. h3 e5 7. Nde2 h5 8. Bg5 Be6 9. Bxf6 Qxf6 10. Nd5 Bxd5 11. Qxd5 Nc6 12. c3 g6 13. Ng1 Bh6 14. Bc4 Rd8 15. Bxa6 O-O 16. Bxb7 Ne7 17. Qb3 Rb8 18. a4 d5 19. a5 dxe4 20. Ne2 Bd2+ 21.
Kxd2 Qxf2 22. Rae1 Rfd8+ 23. Kc2 Qe3 24. Kb1 Nc6 25.
a6 Na5 26. Qb5 Nxb7 27. axb7 Qa7 28. Rd1 Rxd1+ 29. Rxd1 Rxb7 30. Rd8+ Kg7 31. Qxe5+ f6 32. Qd4 Qa6 33. Rd7+ Rxd7 34. Qxd7+ Kg8 35. Qd2 f5 36. Nf4 Qf1+ 37. Kc2 Kg7 38. Ne6+ Kf6 39. Nd4 Qa6 40. Nb3 Qa4 41. Qd4+ 1-0

[Event "Early-Titled-Tuesday-Blitz-September-26-2023"]
[Site "Chess.com"]
[Date "2023.09.26"]
[Round "5"]
[White "OparinGrigoriy"]
[Black "wqws"]
[Result "1-0"]
[WhiteElo "2960"]
[BlackElo "2659"]
[TimeControl "180+1"]
[EndTime "8:57:33 PDT"]
[Termination "OparinGrigoriy won by resignation"]

1. d4 Nf6 2. Nf3 g6 3. c4 Bg7 4. g3 O-O 5. Bg2 d6 6. O-O Nc6 7. Nc3 a6 8. b3 Rb8 9. d5 Na5 10.
Bg5 b5 11. cxb5 axb5 12. Rc1 Bd7 13. b4 Nc4 14. Nd4 h6 15. Bf4 Nh5 16. e3 Nf6 17. h4 Ne5 18. Bxe5 dxe5 19. Nc6 Bxc6 20. dxc6 e6 21. Qe2 Qe7 22. a3 g5 23. hxg5 hxg5 24. Nxb5 e4 25. Rfd1 Rfd8 26. Nc3 Rxd1+ 27. Rxd1 Ra8 28.
Nb5 g4 29. Qc4 Rd8 30. Rxd8+ Qxd8 31. Qd4 Qe8 32. Bxe4 Nxe4 33. Qxe4 Qd8 34. Nd4 Qd6 35. Qxg4 Qd5 36. Qf3 Qa2 37. b5 Qxa3 38. Kg2 Qc3 39. b6 cxb6 40. Nb5 Qc5 41. c7 Bf8 42. Qa8 Qxb5 43.
c8=Q Qb4 44. Qd8 b5 45. Qg5+ 1-0

[Event "Early-Titled-Tuesday-Blitz-September-26-2023"]
[Site "Chess.com"]
[Date "2023.09.26"]
[Round "5"]
[White "FMStan15"]
[Black "fighter031"]
[Result "0-1"]
[WhiteElo "2086"]
[BlackElo "2385"]
[TimeControl "180+1"]
[EndTime "8:57:34 PDT"]
[Termination "fighter031 won on time"]

1. e4 c5 2. c3 d5 3. e5 Nc6 4. d4 cxd4 5. cxd4 Qb6 6. Nc3 Qxd4 7.
Qxd4 Nxd4 8. Nxd5 Nc2+ 9. Kd1 Nxa1 10. Nc7+ Kd8 11. Nxa8 Bf5 12. Be3 b6 13. Nf3 Nc2 14. Bxb6+ axb6 15. Nxb6 Nb4 16. Bc4 e6 17. Ke2 Bc5 18.
Rd1+ Kc7 19. Na4 Ba7 20. Bb5 Nd5 21. Rc1+ Kb8 22. Nh4 Nge7 23. Nxf5 Nxf5 24. Bd3 Nd4+ 25. Kf1 h6 26. Nc5 Bxc5 27. Rxc5 Rc8 28. Rxc8+ Kxc8 29. g3 g5 30. Bh7 Nc6 31. Ke2 Nxe5 32. a3 f5 33. b4 Kd7 34. Bg8 Nc4 35. Kd3 Nxa3 36. Kd4 Nxb4 37. Ke5 Nc6+ 38. Kf6 Nd4 39. Kg6 g4 40.
Kxh6 Kd6 41. Kg5 Nc4 42. Kf4 Ne5 0-1

[Event "Early-Titled-Tuesday-Blitz-September-26-2023"]
[Site "Chess.com"]
[Date "2023.09.26"]
[Round "5"]
[White "CristianS27"]
[Black "Barbix1"]
[Result "1-0"]
[WhiteElo "2503"]
[BlackElo "2324"]
[TimeControl "180+1"]
[EndTime "8:57:36 PDT"]
[Termination "CristianS27 won on time"]

1. e4 c5 2. Nf3 g6 3. d4 cxd4 4. Nxd4 Bg7 5. Nc3 Nc6 6. Be3 Nf6 7. Bc4 O-O 8. Bb3 d6 9. h3 Na5 10. O-O Bd7 11. f4 Ne8 12. f5 Rc8 13. Qe2 a6 14.
fxg6 hxg6 15. Rad1 b5 16. Nd5 Nc4 17. Bg5 Nf6 18.
Bxf6 exf6 19. c3 Re8 20. Bxc4 Rxc4 21. Qf3 Re5 22. Rde1 Bc8 23. Nxf6+ Bxf6 24. Qxf6 Qxf6 25. Rxf6 Bb7 26. Ref1 b4 27. Rxf7 Bc6 28. Rc7 Bb5 29. Nxb5 axb5 30. Rxc4 bxc4 31. cxb4 Rxe4 32. b5 Re2 33. Rb1 Re5 34. a4 Kf7 35. Rc1 Rc5 36.
b6 Rc6 37. a5 1-0

[Event "Early-Titled-Tuesday-Blitz-September-26-2023"]
[Site "Chess.com"]
[Date "2023.09.26"]
[Round "5"]
[White "Me_ch_an"]
[Black "Alexei_Gubajdullin"]
[Result "0-1"]
[WhiteElo "2343"]
[BlackElo "2715"]
[TimeControl "180+1"]
[EndTime "8:57:38 PDT"]
[Termination "Alexei_Gubajdullin won on time"]

1. e4 g6 2. Nc3 c5 3. g3 Bg7 4.
d3 Nc6 5. Be3 d6 6. Qd2 Nf6 7. h3 O-O 8. Bg2 Rb8 9. Nge2 b5 10. O-O b4 11. Nd1 Ba6 12. f4 Nd7 13. f5 c4 14. d4 c3 15. bxc3 Nb6 16. e5 Nc4 17. Qe1 Qc7 18. fxg6 hxg6 19. e6 f5 20. Rf2 bxc3 21. Nexc3 Nxd4 22. Nd5 Qd8 23. Rc1 Nb6 24. c3 Nxd5 25. Bxd5 Qa5 26. Qd2 Qxd5 27. Bxd4 Bb7 28. Rh2 Qf3 29. Bxg7 Qxg3+ 30. Kf1 Kxg7 31. Qd4+ Rf6 32.
Qf2 Ba6+ 33. Ke1 Qe5+ 34. Ne3 f4 0-1

[Event "Early-Titled-Tuesday-Blitz-September-26-2023"]
[Site "Chess.com"]
[Date "2023.09.26"]
[Round "5"]
[White "Elaisaz"]
[Black "MaxLeto"]
[Result "0-1"]
[WhiteElo "2136"]
[BlackElo "2502"]
[TimeControl "180+1"]
[EndTime "8:57:40 PDT"]
[Termination "MaxLeto won on time"]

1. e4 c5 2. Nf3 d6 3. Nc3 Nf6 4. g3 b6 5. Bg2 Bb7 6. d3 Nbd7 7. O-O g6 8. h3 Bg7 9. Be3 O-O 10. Ne2 e5 11. Nd2 d5 12. Bg5 h6 13. Bxf6 Nxf6 14. c4 dxe4 15. dxe4 Qd3 16. Nc3 a6 17. Nd5 Nxd5 18.
cxd5 f5 19. Re1 b5 20. Bf1 Qd4 21. Nb3 Qxd1 22. Raxd1 Rac8 23. f3 c4 24. Na5 Ba8 25. Kg2 Rfd8 26. Re2 Kf7 27. Red2 Bf8 28. a4 Bb4 29. Nc6 Bxc6 30. dxc6 Rxd2+ 0-1

[Event "Early-Titled-Tuesday-Blitz-September-26-2023"]
[Site "Chess.com"]
[Date "2023.09.26"]
[Round "5"]
[White "Witik"]
[Black "MITerryble"]
[Result "0-1"]
[WhiteElo "2759"]
[BlackElo "2952"]
[TimeControl "180+1"]
[EndTime "8:57:41 PDT"]
[Termination "MITerryble won on time"]

1. d4 Nf6 2. c4 b6 3. f3 Nc6 4. d5 Ne5 5. e4 Ng6 6. Nc3 e5 7.
Bd3 Bc5 8. Nge2 Nh5 9. g3 Qf6 10. Na4 Qxf3 11. Rf1 Bb4+ 12. Nac3 Qg2 13. a3 Bxc3+ 14.
bxc3 Qxh2 15. Be3 Nf6 16. Rxf6 gxf6 17. Kd2 Qh3 18. Qg1 d6 19. Qf2 f5 20. exf5 Ne7 21.
Rf1 Qg4 22. f6 Ng6 23. Qh2 h5 24. c5 bxc5 25. Rb1 c4 26. Bc2 Bf5 27. Ba4+ Bd7 28. Rb7 Bxa4 29. Rxc7 O-O 0-1

[Event "Early-Titled-Tuesday-Blitz-September-26-2023"]
[Site "Chess.com"]
[Date "2023.09.26"]
[Round "5"]
[White "m_ezat"]
[Black "AnaKuchava"]
[Result "0-1"]
[WhiteElo "2522"]
[BlackElo "2260"]
[TimeControl "180+1"]
[EndTime "8:57:41 PDT"]
[Termination "AnaKuchava won on time"]

1. e4 c5 2. d4 cxd4 3. c3 Nf6 4. Bc4 Nc6 5. Qe2 e5 6. Nf3 Bc5 7. O-O O-O 8. a4 dxc3 9. Nxc3 h6 10. Bd2 a6 11. Rfd1 Nd4 12. Nxd4 Bxd4 13. Rac1 Qb6 14. b3 d6 15. h3 Be6 16. Bxe6 fxe6 17. Kf1 Rac8 18.
f3 Nh5 19. Be1 Nf4 20. Qb2 Nxh3 21. gxh3 Rxf3+ 22. Ke2 Bxc3 23. Rxc3 Rcxc3 0-1

[Event "Early-Titled-Tuesday-Blitz-September-26-2023"]
[Site "Chess.com"]
[Date "2023.09.26"]
[Round "5"]
[White "Khromkin"]
[Black "DanielTitichoca"]
[Result "0-1"]
[WhiteElo "2357"]
[BlackElo "2563"]
[TimeControl "180+1"]
[EndTime "8:57:42 PDT"]
[Termination "DanielTitichoca won by resignation"]

1. d4 d5 2. c4 e6 3. Nc3 Nf6 4. Bg5 c6 5. e3 Nbd7 6. cxd5 exd5 7.
Bd3 Be7 8. Qc2 Nf8 9. Nf3 Ne6 10.
Bh4 O-O 11. h3 g6 12. Ne5 Ng7 13. g4 Nd7 14. Bg3 Nxe5 15. Bxe5 Bd6 16. Bxd6 Qxd6 17. O-O-O f5 18. gxf5 Bxf5 19. Bxf5 Rxf5 20. f4 Re8 21. Rde1 Rf7 22. h4 Rfe7 23. Qf2 Nf5 24. Nd1 Qb4 25.
h5 Qc4+ 26. Nc3 Rxe3 27. hxg6 hxg6 28. Rxe3 Rxe3 29. Qh2 Ng7 30. f5 gxf5 31. Qh7+ Kf7 32. Rg1 Rxc3+ 33. bxc3 Qxc3+ 34. Kb1 Qd3+ 35. Kc1 Qe3+ 36.
Kb2 Qxg1 0-1

[Event "Early-Titled-Tuesday-Blitz-September-26-2023"]
[Site "Chess.com"]
[Date "2023.09.26"]
[Round "5"]
[White "ljm509"]
[Black "kuba2006"]
[Result "0-1"]
[WhiteElo "2309"]
[BlackElo "2487"]
[TimeControl "180+1"]
[EndTime "8:57:42 PDT"]
[Termination "kuba2006 won by resignation"]

1. e4 Nf6 2. e5 Nd5 3. d4 d6 4. f4 dxe5 5. fxe5 Nc6 6. a3 Bf5 7.
c4 Nb6 8. Nf3 e6 9. Nc3 Qd7 10.
d5 exd5 11. cxd5 Na5 12. Bb5 c6 13. dxc6 bxc6 14. Qxd7+ Kxd7 15. Be2 Nb3 16. e6+ fxe6 17. Ne5+ Kc8 18. Ba6+ Kc7 19. Bf4 Bd6 20. Rd1 Nd5 21. Bg3 Nc5 22. Bc4 Rab8 23. Rd2 Nb3 24. Re2 Nd4 25. Rd2 Nc2+ 26. Ke2 Rxb2 27. Bxd5 exd5 28. Rc1 Re8 29. Kd1 Bxe5 30. Bxe5+ Rxe5 31. Rdxc2 Bxc2+ 32. Rxc2 Rxc2 33. Kxc2 Re3 34. Nd1 Re2+ 0-1

[Event "Early-Titled-Tuesday-Blitz-September-26-2023"]
[Site "Chess.com"]
[Date "2023.09.26"]
[Round "5"]
[White "Staudenhocker43"]
[Black "Lennis93"]
[Result "0-1"]
[WhiteElo "2570"]
[BlackElo "2725"]
[TimeControl "180+1"]
[EndTime "8:57:43 PDT"]
[Termination "Lennis93 won on time"]

1. d4 e6 2. Nf3 b5 3. e4 Bb7 4. Bd3 c5 5. c3 c4 6. Bc2 d5 7. e5 a5 8. Nbd2 b4 9. Nf1 h6 10. Ng3 Nc6 11. O-O Be7 12. Bd2 Kf8 13. Ne1 g6 14. f4 Bc8 15. Nf3 Bd7 16. Ne2 Qb6 17. g4 h5 18. h3 hxg4 19. hxg4 Nh6 20.
Nh2 Kg7 21. Kg2 Rag8 22. Ng3 Kf8 23. Rb1 g5 24. f5 exf5 25. gxf5 f6 26. e6 Be8 27. Qf3 Qb5 28. a4 Qb6 29. b3 bxc3 30.
Bxc3 Nxd4 31. Bxd4 Qxd4 32. bxc4 Qxc4 33. Bb3 Qh4 34. Rh1 g4 35. Qf4 Bc6 36. Rbc1 Ba8 0-1

[Event "Early-Titled-Tuesday-Blitz-September-26-2023"]
[Site "Chess.com"]
[Date "2023.09.26"]
[Round "5"]
[White "AttilaTurzo"]
[Black "NowInChess"]
[Result "1-0"]
[WhiteElo "2476"]
[BlackElo "2263"]
[TimeControl "180+1"]
[EndTime "8:57:46 PDT"]
[Termination "AttilaTurzo won on time"]

1. d4 Nf6 2. Nf3 g6 3. Bg5 Bg7 4. c3 d5 5. Nbd2 O-O 6. e3 b6 7. Be2 Bb7 8. a4 a6 9. O-O Nbd7 10. h3 c5 11. Qb3 c4 12. Qa3 Re8 13. Bf4 Ne4 14.
Rfd1 Nxd2 15. Rxd2 Nf6 16. Rdd1 Ne4 17. Nd2 f5 18. Nf3 e6 19. Be5 Qe7 20. Bxg7 Qxa3 21. Rxa3 Kxg7 22. Ne5 Rad8 23. Bf3 Nd6 24. Rb1 Re7 25.
b3 b5 26. bxc4 dxc4 27. Bc6 Rc7 28. axb5 axb5 29. Bxb5 Bd5 30. Raa1 Be4 31. Rb4 Bd5 32.
Ba4 Ra8 33. Rc1 Rca7 34. Bd1 Ra1 35. Rbb1 Rxb1 36. Rxb1 Ra2 37. f3 Kf6 38. Kf1 Kg5 39. Be2 Kh4 40. Kf2 1-0

[Event "Early-Titled-Tuesday-Blitz-September-26-2023"]
[Site "Chess.com"]
[Date "2023.09.26"]
[Round "5"]
[White "zajka-molotok"]
[Black "EvgenyBurmakin"]
[Result "1-0"]
[WhiteElo "2541"]
[BlackElo "2313"]
[TimeControl "180+1"]
[EndTime "8:57:48 PDT"]
[Termination "zajka-molotok won by resignation"]

1. e4 c5 2. Nf3 d6 3. Bb5+ Nd7 4. a4 a6 5. Be2 Ngf6 6. Nc3 b6 7. O-O Bb7 8. d3 e6 9. Re1 Be7 10. Bf1 O-O 11. Bf4 Bc6 12. d4 cxd4 13. Nxd4 Bb7 14.
Nb3 Qc7 15. Qd2 Rac8 16. Rad1 Ne5 17. Bg3 Rfd8 18. Nd4 Nc4 19. Bxc4 Qxc4 20. f3 Bf8 21. Bf2 Qc7 22. Qe3 e5 23. Nf5 d5 24. exd5 Nxd5 25.
Nxd5 Rxd5 26. Rxd5 Bxd5 27. c3 f6 28. Qxb6 Qc4 29.
Ne3 Qb3 30. Nxd5 Qxd5 31. Qxa6 Qd2 32. Qxc8 1-0

[Event "Early-Titled-Tuesday-Blitz-September-26-2023"]
[Site "Chess.com"]
[Date "2023.09.26"]
[Round "5"]
[White "vugarrasulov"]
[Black "lamomiajunior"]
[Result "1-0"]
[WhiteElo "2947"]
[BlackElo "2755"]
[TimeControl "180+1"]
[EndTime "8:57:51 PDT"]
[Termination "vugarrasulov won on time"]

1. e4 c6 2. Nc3 d5 3. Nf3 Bg4 4. h3 Bxf3 5. Qxf3 e6 6. d4 Nf6 7. Bd3 dxe4 8. Nxe4 Qxd4 9. c3 Qd8 10. Bg5 Be7 11.
O-O-O Nxe4 12. Bxe7 Qxe7 13. Bxe4 Nd7 14. Qg3 Nf6 15.
Bc2 O-O 16. Qh4 Rad8 17. Bxh7+ Kh8 18. Bc2+ Kg8 19. g4 g6 20. Qg5 Rd5 21. Rxd5 Nxd5 22. Qxe7 Nxe7 23. Rd1 Nd5 24. c4 Nf4 25. h4 b5 26. b3 bxc4 27. bxc4 Ne2+ 28. Kb2 Rb8+ 29. Bb3 a5 30. Rd2 Nf4 31. Ka3 e5 32. Ka4 Ra8 33. Rd6 c5 34. Bc2 Kg7 35. Be4 Ra7 36. Kb5 Ne6 37. Bd5 Nd4+ 38. Kxc5 Rc7+ 39. Kb6 Rc8 40.
c5 Kf8 41. Bb7 Re8 42. c6 Ke7 43. Rd5 Ke6 44. c7 1-0

[Event "Early-Titled-Tuesday-Blitz-September-26-2023"]
[Site "Chess.com"]
[Date "2023.09.26"]
[Round "5"]
[White "kuanysh1981"]
[Black "MokshanovAlexey"]
[Result "1/2-1/2"]
[WhiteElo "2518"]
[BlackElo "2656"]
[TimeControl "180+1"]
[EndTime "8:57:51 PDT"]
[Termination "Game drawn by repetition"]

1. e4 e6 2. d4 d5 3. Nd2 Nf6 4.
e5 Nfd7 5. Bd3 c5 6. c3 Nc6 7.
Ne2 cxd4 8. cxd4 f6 9. exf6 Nxf6 10. O-O Bd6 11. Nf3 Qc7 12. a3 O-O 13. Ng3 Bd7 14. b4 e5 15. b5 Nxd4 16. Nxd4 exd4 17. Bb2 Qb6 18. Bxd4 Bc5 19. Ne2 Bg4 20. Bxc5 Qxc5 21. a4 Bxe2 22. Bxe2 Ne4 23. Bf3 Rae8 24. Rc1 Nc3 25. Qd3 d4 26. Kh1 b6 27. h3 Qb4 28.
Ra1 Re7 29. Bc6 g6 30. f3 Rf6 31. Rfe1 Rfe6 32. Rxe6 Rxe6 33. Rc1 Kg7 34. Qd2 Qxa4 35. Qf4 Qb4 36. Ra1 Na4 37. Bd5 Re1+ 38. Kh2 Rxa1 39.
Qf7+ Kh6 40. Qf4+ Kg7 41. Qf7+ Kh6 42. Qf4+ Kg7 1/2-1/2

[Event "Early-Titled-Tuesday-Blitz-September-26-2023"]
[Site "Chess.com"]
[Date "2023.09.26"]
[Round "5"]
[White "WindWhistler11"]
[Black "sonicdravise"]
[Result "0-1"]
[WhiteElo "2467"]
[BlackElo "2654"]
[TimeControl "180+1"]
[EndTime "8:57:52 PDT"]
[Termination "sonicdravise won on time"]

1. Nf3 g6 2. g3 Bg7 3. Bg2 c5 4. O-O Nc6 5. c3 e5 6. e4 Nge7 7. d3 O-O 8. Nbd2 d6 9. a3 a6 10. b4 b5 11. Nb3 a5 12. bxc5 a4 13. cxd6 Qxd6 14. Nbd2 Qxd3 15. Rb1 Qxc3 16. Qe2 Ba6 17.
Bb2 Qc5 18. Rfc1 Qd6 19. Qe3 Nd4 20. Nxd4 exd4 21. Qg5 Rac8 22. Nf3 Nc6 23. Bh3 Rcd8 24. Qc5 Qxc5 25. Rxc5 Na5 26. Bf1 Nb3 27. Rc7 Rc8 28. Ra7 Ra8 29. Rxa8 Rxa8 30. Rd1 Rd8 31. e5 Bb7 0-1

[Event "Early-Titled-Tuesday-Blitz-September-26-2023"]
[Site "Chess.com"]
[Date "2023.09.26"]
[Round "5"]
[White "ArtemDyachuk"]
[Black "almaguerjm"]
[Result "0-1"]
[WhiteElo "2690"]
[BlackElo "2504"]
[TimeControl "180+1"]
[EndTime "8:57:53 PDT"]
[Termination "almaguerjm won on time"]

1. e4 e5 2. Nf3 Nc6 3. Bb5 a6 4. Ba4 Nf6 5. d3 Bc5 6. O-O d6 7. c3 O-O 8. Nbd2 Ne7 9. h3 Ng6 10. Re1 Bd7 11. Bc2 Ba7 12. Nf1 Re8 13. Ng3 h6 14. d4 Qc8 15. Kh2 Bc6 16. Bd2 b5 17.
Qc1 Kh7 18. Nf5 Ng8 19. h4 Qb7 20. h5 N6e7 21. dxe5 Nxf5 22. exf5 Bxf3 23. f6+ g6 24.
hxg6+ fxg6 25. Bxg6+ Kxg6 26. Qc2+ Be4 27. Rxe4 Nxf6 28.
Rg4+ Kf7 29. Qg6+ Ke6 30. Qxf6+ Kd7 31. e6+ Kc8 32. Be3 Qd5 33. Bxa7 Rxe6 34. Rg8+ Kb7 35.
Rxa8 Rxf6 0-1

[Event "Early-Titled-Tuesday-Blitz-September-26-2023"]
[Site "Chess.com"]
[Date "2023.09.26"]
[Round "5"]
[White "yoelpolanco"]
[Black "Djager97"]
[Result "0-1"]
[WhiteElo "2334"]
[BlackElo "2560"]
[TimeControl "180+1"]
[EndTime "8:57:53 PDT"]
[Termination "Djager97 won by resignation"]

1. d4 d5 2. Nf3 Nf6 3. c4 e6 4. g3 c6 5. cxd5 exd5 6. Nc3 Be7 7. Bg2 O-O 8. O-O h6 9. Re1 Bf5 10. Bf4 Nbd7 11. Nd2 Re8 12. f3 Nb6 13. e4 dxe4 14. Ndxe4 Nbd5 15. Bd2 Bf8 16. Kh1 Qd7 17. Qb3 Rad8 18.
Rad1 Nxc3 19. bxc3 Nxe4 20. fxe4 Bg4 21. Rb1 b5 22. Qc2 Bh3 23. Bf4 Bxg2+ 24. Qxg2 b4 25. Bd2 g6 26. Rbd1 Bg7 27. cxb4 Qxd4 28. h4 Qc4 29. Rc1 Qxa2 30. Bf4 Qxg2+ 31. Kxg2 Rd4 32. Rxc6 Rxb4 33. Ra6 Rbxe4 34. Rxe4 Rxe4 35. Rxa7 Rc4 36. Ra2 f5 37. Ra6 Kh7 38. Rc6 Rxc6 0-1

[Event "Early-Titled-Tuesday-Blitz-September-26-2023"]
[Site "Chess.com"]
[Date "2023.09.26"]
[Round "5"]
[White "Kostukov_Alex"]
[Black "Arteler"]
[Result "0-1"]
[WhiteElo "2387"]
[BlackElo "2583"]
[TimeControl "180+1"]
[EndTime "8:57:55 PDT"]
[Termination "Arteler won by resignation"]

1. g3 d5 2. Bg2 c6 3. d3 Nf6 4. e4 dxe4 5. dxe4 Qxd1+ 6. Kxd1 e5 7. f3 Bc5 8. Nd2 Be6 9. Bh3 Ke7 10. Bxe6 Kxe6 11.
Nh3 h6 12. a4 a5 13. Ke2 Na6 14. c3 Bb6 15. Nc4 Bc7 16. Be3 Rad8 17. Nf2 Nd7 18. Nd3 g6 19. Rhd1 f5 20. b4 fxe4 21. fxe4 Nf6 22. b5 Nxe4 23. bxa6 Nxc3+ 24. Kf2 Nxd1+ 25. Rxd1 bxa6 26. Nc5+ Kf5 27. Rf1 g5 28. Kg2+ Kg6 29. Ne6 Rd7 30. Nxc7 Rxc7 31. Nxe5+ Kh7 32. Bc5 Re8 33.
Rf5 Rb7 34. g4 Rb2+ 35. Kf3 Rxh2 36. Bd6 Re6 37. Rf7+ Kg8 38. Rd7 Rh1 39. Ke4 Rf1 40. Rd8+ Kg7 41. Rd7+ Kg8 42. Bc5 Rf4+ 43. Kd3 Rxe5 44.
Bd6 Rd5+ 45. Kc3 Rfd4 46. Rd8+ Kf7 47. Rd7+ Ke6 0-1

[Event "Early-Titled-Tuesday-Blitz-September-26-2023"]
[Site "Chess.com"]
[Date "2023.09.26"]
[Round "5"]
[White "KamlaPasand"]
[Black "Russian_berezka"]
[Result "1-0"]
[WhiteElo "2439"]
[BlackElo "2588"]
[TimeControl "180+1"]
[EndTime "8:57:56 PDT"]
[Termination "KamlaPasand won by resignation"]

1. e4 e5 2. Nf3 Nc6 3. Bc4 Bc5 4.
c3 Nf6 5. d3 d6 6. O-O h6 7. b4 Bb6 8. a4 a5 9. b5 Ne7 10. Nbd2 O-O 11. Ba2 c6 12. Nc4 Bc7 13. Re1 Ng6 14. Rb1 Re8 15. Ne3 d5 16. Qc2 Be6 17. Rd1 Qe7 18. bxc6 bxc6 19. Rb7 Reb8 20. Rxb8+ Rxb8 21. Nd2 d4 22. cxd4 exd4 23. Nf5 Bxf5 24. exf5 Nh4 25. g3 Qe2 26. Bb3 Ng4 27. Ne4 Nf3+ 28. Kg2 Ne1+ 29. Rxe1 Qxe1 30. h3 Ne5 31. f6 g5 32. Ba2 Qb4 33. f4 gxf4 34. gxf4 Ng6 35.
Qxc6 Bxf4 36. Qd7 Qf8 37. Bxf4 Nxf4+ 38. Kf3 Ng6 39. Qg4 Kh7 40. Qh5 Rb2 41. Ng5+ Kg8 42.
Qxg6+ 1-0

[Event "Early-Titled-Tuesday-Blitz-September-26-2023"]
[Site "Chess.com"]
[Date "2023.09.26"]
[Round "5"]
[White "Zurability"]
[Black "Maxfan2008"]
[Result "1-0"]
[WhiteElo "2751"]
[BlackElo "2555"]
[TimeControl "180+1"]
[EndTime "8:57:59 PDT"]
[Termination "Zurability won by checkmate"]

1. Nf3 d5 2. g3 Bg4 3. Bg2 Nd7 4. O-O e6 5. c4 Ngf6 6. cxd5 exd5 7. d4 c6 8. Qb3 Qb6 9. Qe3+ Be7 10. h3 Be6 11.
Ng5 Nf8 12. Rd1 h6 13. Nxe6 Nxe6 14. h4 O-O 15. Bh3 Ne4 16. Nc3 Nxc3 17. bxc3 c5 18. Qd3 c4 19. Qf3 Qc6 20. Bf5 Rfe8 21. e4 Nc7 22. e5 Bf8 23. Bc2 g6 24. h5 Bg7 25.
hxg6 fxg6 26. Kg2 Rf8 27. Qg4 Kh7 28. Rh1 Rf7 29. Bxh6 Bxh6 30. Qg5 Kg8 31. Rxh6 Rg7 32.
Rah1 Kf7 33. Bxg6+ Rxg6 34. Rh7+ Rg7 35. Rxg7+ Ke8 36.
Rh8# 1-0

[Event "Early-Titled-Tuesday-Blitz-September-26-2023"]
[Site "Chess.com"]
[Date "2023.09.26"]
[Round "5"]
[White "FoxOnTheRun97"]
[Black "pirulillo"]
[Result "1-0"]
[WhiteElo "2548"]
[BlackElo "2356"]
[TimeControl "180+1"]
[EndTime "8:57:59 PDT"]
[Termination "FoxOnTheRun97 won on time"]

1. d4 Nf6 2. Bg5 Ne4 3. h4 c5 4. d5 Qa5+ 5. Nd2 h6 6. Bf4 g6 7. c3 Nxd2 8. Qxd2 Bg7 9. e4 d6 10. Nf3 Nd7 11. Be2 b5 12. O-O Rb8 13. Rfe1 Ne5 14.
Nxe5 dxe5 15. Be3 c4 16. d6 Qd8 17. Bxa7 Ra8 18. Bc5 Ra6 19. a4 exd6 20. Red1 Be6 21. Bb4 bxa4 22. g3 O-O 23. Qc2 Qa8 24. h5 Rd8 25. hxg6 fxg6 26. Rd2 Bf8 27. Rad1 Rd7 28.
Bf1 Rf7 29. Qc1 Qa7 30. Bg2 1-0

[Event "Early-Titled-Tuesday-Blitz-September-26-2023"]
[Site "Chess.com"]
[Date "2023.09.26"]
[Round "5"]
[White "Nasrin_Babayeva"]
[Black "Katuducha"]
[Result "1/2-1/2"]
[WhiteElo "1706"]
[BlackElo "2195"]
[TimeControl "180+1"]
[EndTime "8:57:59 PDT"]
[Termination "Game drawn - insufficient material"]

1. c4 Nf6 2. g3 d5 3. cxd5 Qxd5 4. Nf3 Bg4 5. Bg2 c5 6. Nc3 Qd8 7. O-O Nc6 8. d3 e6 9. Be3 Rc8 10. Rc1 Be7 11. h3 Bh5 12. Na4 b6 13. g4 Bg6 14. d4 Nxd4 15. Nxd4 cxd4 16. Rxc8 Qxc8 17. Qxd4 O-O 18. Rc1 Qa6 19. Bf3 Rd8 20. Qc4 b5 21. Qc7 Rd7 22. Qc8+ Qxc8 23. Rxc8+ Rd8 24. Rxd8+ Bxd8 25.
Nc3 b4 26. Nb5 a5 27. Nd6 Nd5 28. Bxd5 exd5 29. Nb7 Bc7 30. f4 Bb1 31. a3 bxa3 32. bxa3 Ba2 33. Kf2 Bc4 34. Kf3 Kf8 35. Bc5+ Ke8 36.
Nd6+ Kd7 37. Nxf7 Kc6 38. Bd4 g6 39. Ng5 h5 40. f5 hxg4+ 41. hxg4 gxf5 42. gxf5 Bd6 43. Bb2 Kb5 44. f6 Ka4 45. f7 Kb3 46. Be5 Bxa3 47.
Ne6 Be7 48. f8=Q Bxf8 49. Nxf8 a4 50. Nd7 a3 51. Nc5+ Kc2 52. Ke3 Kb1 53. Na4 a2 54. Nc3+ Kc2 55. Nxa2 Bxa2 56. Kd4 Kd2 57. e4 dxe4 58. Kxe4 1/2-1/2

[Event "Early-Titled-Tuesday-Blitz-September-26-2023"]
[Site "Chess.com"]
[Date "2023.09.26"]
[Round "5"]
[White "Raskolnikov6"]
[Black "TERMINATOR_PC"]
[Result "0-1"]
[WhiteElo "2330"]
[BlackElo "2559"]
[TimeControl "180+1"]
[EndTime "8:58:00 PDT"]
[Termination "TERMINATOR_PC won by resignation"]

1. d4 Nf6 2. c4 e6 3. Nc3 Bb4 4. e3 O-O 5. Bd3 b6 6. e4 d6 7. Ne2 Bb7 8. O-O Bxc3 9. Nxc3 e5 10. d5 a5 11. Be3 Na6 12. b3 Bc8 13. f3 Bd7 14. a3 Nh5 15. Qd2 Qf6 16. Ne2 Nc5 17. Bc2 a4 18. b4 Nb3 19. Bxb3 axb3 20. b5 Qg6 21. Kh1 Ra4 22. Rfc1 f5 23. exf5 Bxf5 24.
Rc3 Bc2 25. Rf1 Rxa3 26. Nc1 b2 27. Qxc2 Qxc2 28. Rxc2 b1=Q 0-1

[Event "Early-Titled-Tuesday-Blitz-September-26-2023"]
[Site "Chess.com"]
[Date "2023.09.26"]
[Round "5"]
[White "ViktoriyaTarasova"]
[Black "GMJustin"]
[Result "1-0"]
[WhiteElo "2408"]
[BlackElo "2231"]
[TimeControl "180+1"]
[EndTime "8:58:02 PDT"]
[Termination "ViktoriyaTarasova won on time"]

1. d4 d5 2. c4 e5 3. dxe5 dxc4 4. Qxd8+ Kxd8 5. Nc3 Nc6 6. Bg5+ Be7 7. O-O-O+ Bd7 8. Bf4 g5 9. Bg3 h5 10. h3 a6 11. e3 b5 12. Nd5 Kc8 13. Nf3 Bd8 14. h4 g4 15. Ng5 Nh6 16. Ne4 Nf5 17. Bf4 Nxh4 18.
Ndf6 Bf5 19. Rxd8+ Rxd8 20. Rxh4 Bg6 21. a3 Na5 22. f3 Nb3+ 23. Kc2 Rd2+ 24. Kc3 Rd1 25. Be2 Rc1+ 26. Kb4 c5+ 27. Nxc5 a5+ 28. Kxb5 Rb8+ 29. Kc6 1-0

[Event "Early-Titled-Tuesday-Blitz-September-26-2023"]
[Site "Chess.com"]
[Date "2023.09.26"]
[Round "5"]
[White "GameOverBro"]
[Black "gau248"]
[Result "0-1"]
[WhiteElo "2417"]
[BlackElo "2595"]
[TimeControl "180+1"]
[EndTime "8:58:03 PDT"]
[Termination "gau248 won by resignation"]

1. e4 c6 2. Nf3 d5 3. Nc3 dxe4 4. Nxe4 Nd7 5. Bc4 Ngf6 6. Qe2 e6 7. d4 Be7 8. O-O O-O 9. Re1 b5 10. Bb3 a5 11. c3 Ba6 12. Bc2 b4 13. Bd3 Bxd3 14.
Qxd3 Nxe4 15. Qxe4 Rc8 16. Qe2 Nf6 17. Bg5 h6 18.
Bh4 Nd7 19. Bg3 c5 20. d5 Bf6 21. dxe6 fxe6 22. Qxe6+ Kh8 23. Rad1 Re8 24. Qxd7 Rxe1+ 25. Nxe1 Qg8 26. Bc7 bxc3 27. bxc3 Bxc3 28. Nf3 Bf6 29. Bxa5 c4 30. Qf5 c3 31. Ne5 Bxe5 32. Qxe5 c2 33.
Rc1 Qc4 34. Bd2 Qd3 35. Qf4 Rd8 36. Be1 Qd1 37. h4 Re8 38. Qb4 Qxc1 0-1

[Event "Early-Titled-Tuesday-Blitz-September-26-2023"]
[Site "Chess.com"]
[Date "2023.09.26"]
[Round "5"]
[White "h4parah5"]
[Black "Arifarsky"]
[Result "1-0"]
[WhiteElo "2963"]
[BlackElo "2729"]
[TimeControl "180+1"]
[EndTime "8:58:04 PDT"]
[Termination "h4parah5 won by resignation"]

1. Nf3 Nf6 2. c4 c5 3. Nc3 g6 4. d4 cxd4 5. Nxd4 Bg7 6. e4 O-O 7. Be3 Nc6 8. f3 d6 9. Qd2 Be6 10. Be2 Rc8 11. Nxe6 fxe6 12. O-O e5 13. c5 Nd4 14.
cxd6 exd6 15. Rfd1 Kh8 16. Rac1 a6 17. Kh1 Nh5 18. Nd5 Rxc1 19. Rxc1 Qh4 20. Kg1 Ne6 21. Bf2 Qd8 22. Bf1 Nd4 23. Bxd4 exd4 24. f4 Nf6 25. Nxf6 Qxf6 26. g3 Qe6 27. Bd3 Qxa2 28. h4 b5 29.
Kg2 Qb3 30. h5 gxh5 31. Rh1 h6 32. Rxh5 Qf7 33. Qe2 Qg6 34. e5 Qf7 35. Qe4 Bxe5 36. Rxh6+ Kg8 37. fxe5 Qf2+ 38. Kh3 1-0